 Dungeon Crawl Stone Soup version 0.31-a0-640-g39d97e502b (webtiles) character file.

Game seed: 804429018338890023

69 sampeng1 the Chopper (level 4, 0/35 HPs)
             Began as a Human Berserker on Aug 27, 2023.
             Was a Believer of Trog.
             Slain by an ogre
             ... wielding a +0 giant club
              (17 damage)
             ... on level 3 of the Dungeon.
             The game lasted 00:05:03 (1768 turns).

sampeng1 the Chopper (Human Berserker)              Turns: 1768, Time: 00:05:04

Health: 0/35       AC:  6    Str: 20    XL:     4   Next: 42%
Magic:  4/4        EV: 11    Int:  7    God:    Trog [**....]
Gold:   144        SH:  0    Dex: 12    Spells: 3/3 levels left

rFire   . . .        a - +0 hand axe
rCold   . . .        (no shield)
rNeg    . . .        c - +0 ring mail
rPois   .            (no helmet)
rElec   .            (no cloak)
rCorr   +            f - +0 pair of gloves
SInv    .            (no boots)
Will    .....        (no amulet)
Stlth   +            d - ring of resist corrosion
HPRegen 0.25/turn    (no ring)
MPRegen 0.09/turn

%: no passive effects
@: no status effects
A: no striking features
a: Renounce Religion, Berserk, Trog's Hand


You were on level 3 of the Dungeon.
You worshipped Trog.
Trog was pleased with you.
You visited 1 branch of the dungeon, and saw 3 of its levels.

You collected 144 gold pieces.

Inventory:

Hand Weapons
 a - a +0 hand axe (weapon)
Missiles
 h - 5 atropa-tipped darts (quivered)
Armour
 c - a +0 ring mail (worn)
 f - a +0 pair of gloves (worn)
Jewellery
 d - a ring of resist corrosion (left hand)
 e - a ring of magical power
 j - a ring of fire
Potions
 i - 2 potions of might
 k - a potion of curing


   Skills:
 + Level 3.5 Fighting
 + Level 3.5 Axes
 + Level 2.7 Armour
 + Level 2.7 Dodging


You had 3 spell levels left.
You didn't know any spells.
Your spell library was empty.

Dungeon Overview and Level Annotations

Branches:
Dungeon (3/15)

Altars:
Cheibriados
Ru


Message History

You see here a +0 dagger.
There is an escape hatch in the floor here.
As you read the scroll labelled ODESKYSOPT, it crumbles to dust.
It is a scroll of identify.
i - 2 potions of might
As you read the scroll of identify, it crumbles to dust.
k - a potion of curing
As you read the scroll labelled PIPNIP ROEPIPT, it crumbles to dust.
You assume a fearsome visage.
Nothing appears to happen.
It was a scroll of fear.
You slide downwards.
The hatch slams shut behind you.
Found 9 stones.
Found a stone staircase leading down.
Found a snail-covered altar of Cheibriados.
Found a scroll of amnesia.
There is a snail-covered altar of Cheibriados here.
You see here a scroll of amnesia.
A ball python comes into view.
The ball python hisses angrily.
The ball python barely misses you. The ball python grabs you.
The ball python constricts you.
You hit the ball python.
You kill the ball python!
Trog accepts your kill.
Found a sacrificial altar of Ru.
An ogre comes into view. It is wielding a +0 giant club.
The ogre shouts!
You see here 10 gold pieces.
The ogre closely misses you.
You barely miss the ogre. You hit the ogre.
The ogre is lightly wounded.
The ogre barely misses you.
You hit the ogre but do no damage.
The ogre is lightly wounded.
The ogre hits you with a +0 giant club!!
Ouch! That really hurt!
You slash the ogre!
The ogre is heavily wounded.
The ogre hits you with a +0 giant club!
You die...

≈≈≈≈....###...##
≈≈≈≈≈≈...........
...._≈≈.....#...#
.≈≈≈≈≈≈.....#...#
≈≈≈≈≈≈..#...#...###.
...................
................... .###
#......$........
.....#.......@O......
#........##.##.......
###.##..............
###.##..............
#...................
#......#.............. .
#......#..............
..###........#.#########.#
.........###.#.#########.######


You could see an ogre.

Vanquished Creatures
  An adder (D:2)
  A dart slug (D:2)
  6 bats
  9 endoplasms
  2 giant cockroaches
  4 goblins
  6 hobgoblins
  3 jackals (D:1)
  7 kobolds
  5 ball pythons
  4 frilled lizards
  5 rats
53 creatures vanquished.

Notes
Turn   | Place    | Note
-------+----------+-------------------------------------------
     0 | D:1      | sampeng1 the Human Berserker began the quest for the Orb.
     0 | D:1      | Reached XP level 1. HP: 18/18 MP: 1/1
   122 | D:1      | Reached XP level 2. HP: 16/24 MP: 2/2
   173 | D:1      | Found a faded altar of an unknown god.
   437 | D:1      | Reached XP level 3. HP: 28/29 MP: 3/3
   963 | D:2      | Reached ** piety under Trog
  1195 | D:2      | Reached XP level 4. HP: 35/35 MP: 4/4
  1730 | D:3      | Found a snail-covered altar of Cheibriados.
  1759 | D:3      | Found a sacrificial altar of Ru.
  1761 | D:3      | Noticed an ogre
  1768 | D:3      | Slain by an ogre

Illustrated notes

Levels and vault maps discovered:
D:1:      dpeg_arrival_pits, layout_rooms, serial_forest,
          infiniplex_forest_clump_curved, infiniplex_forest_clump_curved,
          infiniplex_forest_clump_small, infiniplex_forest_end_2,
          chequers_ecumenical_altar_grove, minmay_tetromino_i2
D:2:      cheibrodos_helix_gallery, layout_basic
D:3:      layout_basic, regret_index_temple_of_mockery, cheibriados_altar_1,
          mainiacjoe_overflow_catwalk

Action                     |  1- 3 |  4- 6 || total
---------------------------+-------+-------++-------
  Melee: Hand axe          |   154 |    39 ||   193
         Punch             |     1 |       ||     1
    Use: Scroll            |     4 |     3 ||     7
   Stab: Sleeping          |     1 |       ||     1
 Armour: Ring mail         |    76 |    24 ||   100
         Animal skin       |     1 |       ||     1
  Dodge: Dodged            |   104 |    38 ||   142

Table legend: (Time is in decaauts)
 A = Elapsed time spent in this place.
 B = Non-inter-level travel time spent in this place.
 C = Inter-level travel time spent in this place.
 D = Time resting spent in this place.
 E = Time spent auto-exploring this place.
 F = Levels seen in this place.
 G = Mean time per level.
                   A        B        C        D        E       F      G
               +--------+--------+--------+--------+--------+-----+--------+
         Total |   1794 |   1623 |    171 |      0 |   1052 |   3 |  598.0 |
       Dungeon |   1794 |   1623 |    171 |      0 |   1052 |   3 |  598.0 |
               +--------+--------+--------+--------+--------+-----+--------+

Top non-repeatable levels by time:
     D:2: 912 daAuts
     D:1: 832 daAuts
     D:3: 49 daAuts
